 Dungeon Crawl Stone Soup version 0.30-a0-996-ga6910c8ee8 (webtiles) character file.

Game seed: 7531862796636192769

310 jimonade the Magician (level 6, -12/40 HPs)
             Began as a Djinni Hedge Wizard on Apr 4, 2023.
             Mangled by Edmund
             ... wielding a +2 flail of protection
              (14 damage)
             ... on level 3 of the Dungeon.
             The game lasted 00:06:56 (3311 turns).

jimonade the Magician (Djinni Hedge Wizard)         Turns: 3311, Time: 00:06:57

Health: -12/40     AC:  2    Str: 11    XL:     6   Next: 70%
Gold:   161        EV: 12    Int: 22    God:
                   SH:  0    Dex: 12

rFire   + + .      SeeInvis .    a - +1 dagger (venom)
rCold   x . .      Faith    .    (no shield)
rNeg    . . .      Spirit   .    y - +0 robe
rPois   ∞          Reflect  .    c - +0 hat
rElec   .          Rampage  .    (no cloak)
rCorr   .                        (no gloves)
Will    +....                    (boots unavailable)
Stlth   ++                       (no amulet)
HPRegen 0.26/turn                f - ring of willpower
MPRegen 0.00/turn                u - +6 ring of intelligence

@: flying
A: sickness immunity, fire resistance 2, cold vulnerability 1, float, innate
caster, HP casting, extra vitality 1
a: no special abilities


You were on level 3 of the Dungeon.
You visited 1 branch of the dungeon, and saw 4 of its levels.

You collected 161 gold pieces.

Inventory:

Hand Weapons
 a - a +1 dagger of venom (weapon)
 b - a +2 dagger of electrocution
 i - a +0 dagger
 k - a +0 spear
 s - a +0 sling
 t - a +0 quarterstaff
 x - a +2 dagger of flaming
Armour
 c - a +0 hat (worn)
 e - a +0 leather armour
 g - a +0 chain mail
 l - a +0 ring mail
 y - a +0 robe (worn)
Jewellery
 f - a ring of willpower (left hand)
 u - a +6 ring of intelligence (right hand)
Wands
 w - a wand of flame (13)
Scrolls
 d - 4 scrolls of noise {unknown}
 n - a scroll of magic mapping {unknown}
 o - a scroll of summoning {unknown}
 p - a scroll of immolation {unknown}
 q - a scroll of enchant weapon {unknown}
 r - 2 scrolls of teleportation {unknown}
 z - a scroll of identify {unknown}
Potions
 h - a potion of curing {unknown}
 j - 2 potions of magic {unknown}
 m - a potion of berserk rage {unknown}
 v - a potion of invisibility {unknown}


   Skills:
 + Level 0.3 Fighting
 + Level 0.2 Short Blades
 + Level 2.7 Dodging
 + Level 1.9 Stealth
 + Level 5.1 Spellcasting


You knew the following spells:

 Your Spells              Type           Power      Damage    Failure   Level
a - Magic Dart            Conj           100%       1d8       1%          1
b - Slow                  Hex            100%       N/A       1%          1
c - Blink                 Tloc           56%        N/A       1%          2
d - Call Imp              Summ           28%        N/A       1%          2
e - Mephitic Cloud        Conj/Pois/Air  28%        N/A       3%          3
f - Freeze                Ice            100%       1d10      1%          1
g - Scorch                Fire           56%        2d7       1%          2
Your spell library was empty.

Dungeon Overview and Level Annotations

Branches:
Dungeon (4/15)
 Temple: D:4-7

Altars:

Shops:
D:1 *

Annotations:
D:3 3 runed translucent doors, Edmund; retardedninja's ghost, amateur NaFi


Innate Abilities, Weirdness & Mutations

You are immune to sickness and miasma.
You are immune to poison.
Your flesh is very heat resistant. (rF++)
You are vulnerable to cold. (rC-)
You float through the air rather than walking.
You learn spells naturally, not from books.
Your magical power is your life essence.
You have superior vitality. (+4 MHP)


Message History

Confirm with . or Enter, or press ? or * to list all spells.
Flames lash Edmund.
Edmund is heavily wounded.
Edmund hits you with a +2 flail of protection!
* * * LOW HITPOINT WARNING * * *
Casting: Scorch (safe; 1% risk of failure)
Confirm with . or Enter, or press ? or * to list all spells.
Flames lash Edmund.
Edmund is severely wounded.
* * * LOW HITPOINT WARNING * * *
Edmund closely misses you.
Casting: Scorch (safe; 1% risk of failure)
Confirm with . or Enter, or press ? or * to list all spells.
You miscast Scorch.
You are very lightly contaminated with residual magic.
Nothing appears to happen.
* * * LOW HITPOINT WARNING * * *
An iguana comes into view.
Edmund barely misses you. Edmund closely misses you.
You fly upwards.
Level annotation: 3 runed translucent doors, retardedninja's ghost, amateur NaFi
There is a stone staircase leading down here.
Casting: Scorch (safe; 1% risk of failure)
Confirm with . or Enter, or press ? or * to list all spells.
Flames lash Edmund.
Edmund is severely wounded.
* * * LOW HITPOINT WARNING * * *
Edmund closely misses you.
Casting: Scorch (safe; 1% risk of failure)
Confirm with . or Enter, or press ? or * to list all spells.
You don't have enough health to cast this spell.
Casting: Scorch (safe; 1% risk of failure)
Confirm with . or Enter, or press ? or * to list all spells.
Okay, then.
Edmund says, "Everyone always remembers my brother. 'Who's Edmund?' they ask!"
Your magical contamination has completely faded away.
Edmund attacks as you move away!
Edmund hits you with a +2 flail of protection!
You die...

#..# ##...## #.... ####
#.## ##'## #.##. ...# #.#
#.# #.##. ##.# ###.##
###.#####.##. ..)# #....#
#......##.... #..# #.#..#
#....#.###### #..#
#.#..########..)...# ...#
#.#.>......##....#.# #.##
#.#....@@.......##.######
#.#
#.##.#####.##.#..........
..# #.##.#
#.##.#.##.###### ###
#.##.#####.##......#
#..........####.####
############ #.# ########
#.# ###### .......#
########.####.....
######.#
####......#.##.......


You could see Edmund (combustible).

Vanquished Creatures
  An orc priest (D:3)
  An iguana (D:3)
  2 orc wizards (D:3)
  4 gnolls (D:3)
  7 adders
  A dart slug (D:2)
  17 orcs (D:3)
  10 ball pythons
  4 bats
  5 endoplasms
  2 giant cockroaches (D:1)
  9 goblins
  6 hobgoblins
  2 jackals (D:1)
  3 quokkas
  4 frilled lizards
  5 kobolds
  5 rats
88 creatures vanquished.

Vanquished Creatures (others)
  4 fungi (D:2)
4 creatures vanquished.

Grand Total: 92 creatures vanquished

Notes
Turn   | Place    | Note
-------+----------+-------------------------------------------
     0 | D:1      | jimonade the Djinni Hedge Wizard began the quest for the
                  | Orb.
     0 | D:1      | jimonade set off with the following spells memorised: Magic
                  | Dart, Slow, Blink, Call Imp, Mephitic Cloud.
     0 | D:1      | Reached XP level 1. HP: 15/15 MP: 0/0
   183 | D:1      | Reached XP level 2. HP: 18/21 MP: 0/0
   423 | D:1      | Reached skill level 3 in Spellcasting
   467 | D:1      | Reached XP level 3. HP: 22/25 MP: 0/0
   467 | D:1      | Learned a level 1 spell: Freeze
   648 | D:1      | Found Liba's Assorted Antiques.
  1411 | D:2      | Reached XP level 4. HP: 21/31 MP: 0/0
  1936 | D:3      | Reached skill level 4 in Spellcasting
  1936 | D:3      | Reached XP level 5. HP: 32/35 MP: 0/0
  1936 | D:3      | Learned a level 2 spell: Scorch
  2344 | D:3      | Reached XP level 6. HP: 34/40 MP: 0/0
  2558 | D:3      | Found a runed translucent gate.
  2655 | D:3      | Reached skill level 5 in Spellcasting
  2772 | D:3      | Noticed retardedninja's ghost (amateur NaFi)
  2794 | D:3      | Found a runed translucent gate.
  2794 | D:3      | Found a runed translucent gate.
  2937 | D:3      | Identified the +0 ring mail "Jujim" {Int+3 Dex+3 Slay-2}
  3293 | D:4      | Noticed Edmund
  3311 | D:3      | Mangled by Edmund

Illustrated notes

Levels and vault maps discovered:
D:1:      dpeg_arrival_another_circle, layout_basic, serial_shops, shop,
          hangedman_decor_opposing, kennysheep_decorative_pillar,
          minmay_pentomino_z4
D:2:      layout_basic, minmay_shallow_snake_nest
D:3:      layout_loops_corners, gammafunk_ghost_icy
D:4:      layout_loops_cross, lemuel_crystal_altar,
          nicolae_dithmenos_the_darkroom, minmay_puff, uniq_edmund

Skill      XL: |  1  2  3  4  5  6 |
---------------+-------------------+-----
Spellcasting   | 3 4 5 |  5.1
Fighting       | |  0.3
Short Blades   | |  0.2
Dodging        | |  2.7
Stealth        | |  1.9

Action                     |  1- 3 |  4- 6 || total
---------------------------+-------+-------++-------
  Melee: Dagger            |     5 |    47 ||    52
         Punch             |       |     1 ||     1
   Cast: Magic Dart        |    82 |    26 ||   108
         Scorch            |       |    46 ||    46
   Stab: Sleeping          |       |     1 ||     1
 Armour: Robe              |     2 |     2 ||     4
  Dodge: Dodged            |    12 |    29 ||    41

Table legend: (Time is in decaauts)
 A = Elapsed time spent in this place.
 B = Non-inter-level travel time spent in this place.
 C = Inter-level travel time spent in this place.
 D = Time resting spent in this place.
 E = Time spent auto-exploring this place.
 F = Levels seen in this place.
 G = Mean time per level.
                   A        B        C        D        E       F      G
               +--------+--------+--------+--------+--------+-----+--------+
         Total |   3309 |   3122 |    187 |    175 |   2302 |   4 |  827.2 |
       Dungeon |   3309 |   3122 |    187 |    175 |   2302 |   4 |  827.2 |
               +--------+--------+--------+--------+--------+-----+--------+

Top non-repeatable levels by time:
     D:3: 1372 daAuts
     D:1: 1072 daAuts
     D:2: 853 daAuts
     D:4: 11 daAuts
